 Dungeon Crawl Stone Soup version 0.26-a0-854-gdc81c2f471 (webtiles) character file.

Game seed: 17917344755525323714

159 robertstho the Shield-Bearer (level 5, -4/36 HPs)
             Began as a Halfling Fighter on Nov 23, 2020.
             Killed by nerve-wracking pain
             ... invoked by an orc priest
              (6 damage)
             ... on level 3 of the Dungeon.
             The game lasted 00:03:27 (1831 turns).

robertstho the Shield-Bearer (Halfling Fighter)     Turns: 1831, Time: 00:03:29

Health: -4/36      AC:  8    Str: 17    XL:     5   Next: 68%
Magic:  5/5        EV:  9    Int:  6    God:
Gold:   143        SH: 10    Dex: 15    Spells: 4/4 levels left

rFire    . . .     SeeInvis .   a - +0 long sword
rCold    . . .     Faith    .   c - +0 kite shield
rNeg     . . .     Spirit   .   b - +0 scale mail
rPois    .         Reflect  .   (no helmet)
rElec    .         Harm     .   g - +0 cloak
rCorr    .         Rampage  .   (no gloves)
MR       .....                  (no boots)
Stlth    ..........             (no amulet)
HPRegen  0.12/turn              (no ring)
MPRegen  0.09/turn              (no ring)

@: mighty
A: small, mutation resistance 1
a: no special abilities


You were on level 3 of the Dungeon.
You visited 1 branch of the dungeon, and saw 3 of its levels.

You collected 143 gold pieces.

Inventory:

Hand Weapons
 a - a +0 long sword (weapon)
Missiles
 k - 4 javelins
Armour
 b - a +0 scale mail (worn)
 c - a +0 kite shield (worn)
 g - a +0 cloak (worn)
Jewellery
 t - an uncursed ring of magical power
Wands
 q - a wand of flame (29)
Scrolls
 f - a scroll of noise {unknown}
 h - 2 scrolls of amnesia {unknown}
 j - a scroll of teleportation {unknown}
 l - 5 scrolls of identify {unknown}
 o - 2 scrolls of immolation {unknown}
 p - a scroll of enchant weapon {unknown}
 v - a scroll of remove curse {unknown}
Potions
 e - 3 potions of curing
 i - 2 potions of heal wounds {unknown}
 m - a potion of invisibility {unknown}
 n - 2 potions of mutation {unknown}
 r - 2 potions of attraction {unknown}
 s - a potion of degeneration {unknown}
 u - a potion of flight {unknown}


   Skills:
 + Level 3.1 Fighting
 + Level 3.3 Long Blades
 + Level 3.8 Armour
 + Level 1.1 Dodging
 + Level 0.1 Stealth
 + Level 4.7 Shields


You had 4 spell levels left.
You didn't know any spells.
Your spell library was empty.

Dungeon Overview and Level Annotations

Branches:
Dungeon (3/15)

Altars:


Innate Abilities, Weirdness & Mutations

You are small and have problems with some larger weapons.
You are somewhat resistant to further mutation.


Message History

You feel very mighty all of a sudden. You block the dart slug's attack.
It was a potion of curing.
You feel better. You block the orc priest's attack.
You hit the dart slug.
You kill the dart slug!
The orc priest hits you but does no damage.
The orc priest hits you from afar with a cursed -1 trident.
The orc priest calls down the wrath of Beogh upon you.
Beogh smites you!
* * * LOW HITPOINT WARNING * * *
Things that are here:
a +0 leather armour; a +0 dagger; an orc corpse You slash the orc priest!
The orc priest is severely wounded.
The orc priest casts a cantrip, but nothing happens.
You closely miss the orc priest.
The orc priest is severely wounded.
The orc priest calls down the wrath of Beogh upon you.
Pain shoots through your body!
You die...

.. ..## #..####
......... ....
...#.####. ####.?
#..#..... #..o.#
#..#.... ##.##@#
#..#..# ###..##.#
#....##### #....##)#
##........# ....
#.###.....# #..#
#.##.<##..# ##..#
#.##..##..#
##...###.#..###..#
####..((.((....##...#
#...>.....))#.###.#.#


You could see an orc priest.

Vanquished Creatures
  An orc wizard (D:3)
  5 adders
  2 worms (D:2)
  4 dart slugs
  2 leopard geckos
  5 orcs (D:3)
  2 ball pythons
  2 giant cockroaches (D:1)
  7 goblins
  5 hobgoblins
  4 jackals (D:1)
  3 quokkas
  8 bats
  3 frilled lizards
  5 kobolds
  7 rats
65 creatures vanquished.

Notes
Turn   | Place    | Note
-------+----------+-------------------------------------------
     0 | D:1      | robertstho the Halfling Fighter began the quest for the
                  | Orb.
     0 | D:1      | Reached XP level 1. HP: 15/15 MP: 1/1
   156 | D:1      | Reached XP level 2. HP: 20/20 MP: 2/2
   326 | D:1      | Reached XP level 3. HP: 22/25 MP: 3/3
   728 | D:2      | Reached skill level 4 in Shields
   931 | D:2      | Reached XP level 4. HP: 14/31 MP: 4/4
  1359 | D:2      | Reached skill level 1 in Dodging
  1444 | D:2      | Reached XP level 5. HP: 36/36 MP: 5/5
  1829 | D:3      | HP: 1/36 [orc priest/divine providence (17)]
  1831 | D:3      | Killed from afar by an orc priest

Illustrated notes

Levels and vault maps discovered:
D:1:      lemuel_arrival_broad_hall, layout_basic
D:2:      layout_basic, serial_park_tiny_2, kennysheep_flooded_box,
          ebering_dispersal_statue_hall, minmay_fractal_squares_5
D:3:      layout_rooms, minmay_misc_feat_cross, makhleb_blood_cavern_becter

Skill      XL: |  1  2  3  4 |
---------------+-------------+-----
Shields        | 4 |  4.7
Fighting       | 3 |  3.1
Dodging        | 1 |  1.1
Long Blades    | 3 |  3.3
Armour         | |  3.8
Stealth        | |  0.1

Action                   |  1- 3 |  4- 6 || total
-------------------------+-------+-------++-------
Melee: Long sword        |   108 |   131 ||   239
  Use: Potion            |       |     2 ||     2
Armor: Scale mail        |    67 |    56 ||   123
Dodge: Dodged            |    59 |    48 ||   107
Block: Kite shield       |    86 |    90 ||   176
       Rpst.: Long sword |    19 |    14 ||    33

Table legend: (Time is in decaauts)
 A = Elapsed time spent in this place.
 B = Non-inter-level travel time spent in this place.
 C = Inter-level travel time spent in this place.
 D = Time resting spent in this place.
 E = Time spent auto-exploring this place.
 F = Levels seen in this place.
 G = Mean time per level.
                   A        B        C        D        E       F      G
               +--------+--------+--------+--------+--------+-----+--------+
         Total |   1914 |   1901 |     13 |      0 |   1290 |   3 |  638.0 |
       Dungeon |   1914 |   1901 |     13 |      0 |   1290 |   3 |  638.0 |
               +--------+--------+--------+--------+--------+-----+--------+

Top non-repeatable levels by time:
     D:2: 996 daAuts
     D:1: 736 daAuts
     D:3: 181 daAuts
